 Dungeon Crawl Stone Soup version 0.31-a0-232-gb1c03b2570 (webtiles) character file.

Game seed: 13909809538021917236

133 qw the Shooter (level 5, -1/31 HPs)
             Began as a Gargoyle Hexslinger on July 7, 2023.
             Slain by a goblin
             ... wielding a +0 dagger
             ... led by Robin
              (5 damage)
             ... on level 3 of the Dungeon.
             The game lasted 00:00:40 (1501 turns).

qw the Shooter (Gargoyle Hexslinger)                Turns: 1501, Time: 00:00:41

Health: -1/31      AC:  7    Str: 11    XL:     5   Next: 16%
Magic:  6/6        EV: 12    Int: 14    God:
Gold:   68         SH:  0    Dex: 14    Spells: 5/6 levels left

rFire   . . .        Y - +1 sling
rCold   . . .        (no shield)
rNeg    + . .        c - +0 robe
rPois   inf          e - +0 helmet
rElec   +            (no cloak)
rCorr   .            (no gloves)
SInv    .            (no boots)
Will    .....        f - amulet of regeneration
Stlth   +            (no ring)
HPRegen 1.05/turn    (no ring)
MPRegen 0.10/turn

%: no passive effects
@: no status effects
A: sickness immunity, AC +4, negative energy resistance 1, electricity
resistance, torment resistance 1, petrification resistance
a: no special abilities


You were on level 3 of the Dungeon.
You visited 1 branch of the dungeon, and saw 3 of its levels.

You collected 68 gold pieces.


Innate Abilities, Weirdness & Mutations

You are immune to sickness and miasma.
Your stone body is resilient. (AC +4)
You are immune to poison.
You resist negative energy. (rN+)
You are resistant to electric shocks. (rElec)
You are resistant to unholy torment.
You are immune to petrification.


   Skills:
 - Level 2.3 Fighting
 + Level 4.7 Ranged Weapons
 - Level 1.5 Dodging
 - Level 1.0 Spellcasting
 - Level 2.6 Hexes


You had 5 spell levels left.
You knew the following spells:

 Your Spells              Type           Power      Damage    Failure   Level
a - Slow                  Hex            32%        N/A       9%          1

Your spell library contained the following spells:

 Spells                   Type           Power      Damage    Failure   Level
 Inner Flame              Hex/Fire       4%         N/A       41%         3
 Portal Projectile        Hex/Tloc       8%         N/A       41%         3
 Cause Fear               Hex            4%         N/A       65%         4

Inventory:

Hand Weapons
 Y - a +1 sling (weapon)
Armour
 c - a +0 robe (worn)
 e - a +0 helmet (worn)
 k - a +0 leather armour
Jewellery
 f - an amulet of regeneration (around neck)
 m - a +6 ring of strength
Scrolls
 a - a scroll of identify
 b - a scroll of amnesia {unknown}
Potions
 d - a potion of berserk rage {unknown}
 g - a potion of attraction {unknown}
 h - a potion of mutation {unknown}
 i - a potion of curing {unknown}
 j - a potion of heal wounds {unknown}
 l - a potion of haste {unknown}

Dungeon Overview and Level Annotations

Branches:
Dungeon (3/15)

Altars:

Annotations:
D:2 1 runed translucent door, Crazy Yiuf
D:3 Robin


Message History

You shoot a sling bullet.
The sling bullet barely misses the goblin.
The goblin hits you but does no damage. Robin barely misses you.
The goblin barely misses you.
You shoot a sling bullet.
The sling bullet closely misses the goblin.
The goblin barely misses you. Robin misses you. The goblin barely misses you.
The hobgoblin hits you but does no damage.
You shoot a sling bullet.
The sling bullet barely misses the goblin.
The goblin misses you.
Robin hits you from afar with a +0 spear.
The goblin hits you with a +0 club.
You shoot a sling bullet. The sling bullet hits the goblin.
The goblin is heavily wounded.
The hobgoblin no longer looks unusually strong.
The goblin hits you but does no damage.
Robin roars a battlecry!
The hobgoblin goes into a battle-frenzy!
The hobgoblin hits you. The goblin hits you with a +0 dagger.
You shoot a sling bullet.
The sling bullet hits the goblin but does no damage.
The goblin is heavily wounded.
Robin closely misses you. The goblin barely misses you.
The goblin closely misses you. Robin hits you but does no damage.
The hobgoblin barely misses you. The goblin hits you with a +0 club.
The goblin closely misses you.
You shoot a sling bullet.
The sling bullet barely misses the goblin.
The goblin no longer looks unusually strong.
The goblin closely misses you.
The hobgoblin hits you but does no damage.
The goblin misses you. Robin hits you but does no damage.
You shoot a sling bullet.
The sling bullet barely misses the goblin.
The goblin hits you but does no damage.
Robin roars a battlecry!
The goblin goes into a battle-frenzy!
The goblin hits you with a +0 dagger.
You die...

##.......#..##..##.#####
#.......#..##..##.#
###....#%<#......##.####
#......................#
.#...#.............####
#...##............# ...
.%...).....#.# #
.####.##)#......#
......g@g..##.#.#
......g#......#.#
.....g.###.##.#.#
.##.)..# #.##.### #.$#.
#....# #.... ###### ..
.. ### ..


You could see Robin, a hobgoblin (strong) and 2 goblins.

Vanquished Creatures
  An orc priest (D:3)
  5 adders
  A worm (D:2)
  A dart slug (D:1)
  2 orcs (D:3)
  2 giant cockroaches
  11 goblins
  3 hobgoblins
  4 quokkas
  3 ball pythons (D:1)
  5 bats
  6 frilled lizards
  7 kobolds
51 creatures vanquished.

Notes
Turn   | Place    | Note
-------+----------+-------------------------------------------
     0 | D:1      | qw the Gargoyle Hexslinger began the quest for the Orb.
     0 | D:1      | Reached XP level 1. HP: 12/12 MP: 2/2
     0 | D:1      | 0 ||| qw: Version: 0.3-a-46-gb1f654a
     0 | D:1      | 0 ||| qw: Game counter: 2684
     0 | D:1      | 0 ||| qw: Melee chars always use a shield: true
     0 | D:1      | 0 ||| qw: God list: Okawaru
     0 | D:1      | 0 ||| qw: Allow faded altars: false
     0 | D:1      | 0 ||| qw: Do Orc after clearing Dungeon:15 true
     0 | D:1      | 0 ||| qw: Do second Lair branch before Depths: true
     0 | D:1      | 0 ||| qw: Lair rune preference: random
     0 | D:1      | 0 ||| qw: Goals: Normal
     0 | D:1      | 0 ||| PLANNING D:1-11
   188 | D:1      | Reached XP level 2. HP: 16/16 MP: 3/3
   268 | D:1      | Reached skill level 3 in Ranged Weapons
   542 | D:1      | 542 ||| UPGRADING to +0 helmet.
   547 | D:1      | 547 ||| UPGRADING to amulet of regeneration.
   552 | D:1      | 552 ||| READING 2 scrolls labelled UCUX CUBIOSOW.
   553 | D:1      | 553 ||| DROPPING scroll of poison.
   625 | D:2      | Reached XP level 3. HP: 22/22 MP: 4/4
   908 | D:2      | Reached XP level 4. HP: 27/27 MP: 5/5
  1124 | D:2      | Found a runed translucent door.
  1125 | D:2      | Noticed Crazy Yiuf
  1244 | D:2      | 1244 ||| READING scroll labelled IZEBEU WUMUY.
  1286 | D:2      | 1286 ||| READING scroll labelled NIBAEBB USEST.
  1312 | D:3      | 1312 ||| STAIRDANCE
  1358 | D:3      | Reached skill level 4 in Ranged Weapons
  1391 | D:3      | HP: 6/27 [orc priest/+0 flail (6)]
  1394 | D:3      | Reached XP level 5. HP: 9/31 MP: 6/6
  1469 | D:3      | Noticed Robin
  1488 | D:3      | HP: 7/31 [goblin/+0 club[Robin] (1)]
  1498 | D:3      | HP: 6/31 [goblin/+0 dagger[Robin] (2)]
  1499 | D:3      | HP: 1/31 [goblin/+0 club[Robin] (6)]
  1501 | D:3      | Slain by a goblin

Levels and vault maps discovered:
D:1:      lightli_arrival_statue_moat, layout_basic
D:2:      layout_loops_ring, uniq_crazy_yiuf_cottage
D:3:      layout_basic, ebering_ecumenical_altar_petrified, uniq_robin

Skill      XL: |  1  2  3  4 |
---------------+-------------+-----
Ranged Weapons | 3 4 |  4.7
Fighting       | 2 |  2.3
Dodging        | |  1.5
Spellcasting   | |  1.0
Hexes          | |  2.6

Action                     |  1- 3 |  4- 6 || total
---------------------------+-------+-------++-------
   Fire: Sling             |    98 |    80 ||   178
    Use: Scroll            |     1 |     2 ||     3
 Armour: Robe              |    25 |    41 ||    66
  Dodge: Dodged            |    35 |    71 ||   106

Table legend:
 A = Non-vault XP
 B = Vault XP
 C = Vault XP percentage of total XP
 D = Non-vault monster count
 E = Vault monster count
 F = Vault count percentage of total count
                 A         B        C        D         E       F
            +---------+---------+-------+---------+---------+-------
      Total |     175 |      16 |   8.4 |      42 |       9 |  17.6
            +---------+---------+-------+---------+---------+-------
        D:1 |      28 |       0 |   0.0 |      16 |       0 |   0.0
        D:2 |      80 |       0 |   0.0 |      19 |       0 |   0.0
        D:3 |      67 |      16 |  19.3 |       7 |       9 |  56.2
            +---------+---------+-------+---------+---------+-------
